K2, neutral male human Tourist ------- --------- |.....| |.......| #-.....| #-.......+# -------- #|.....-# #-.----.--# #.......| ------ #|.....|# ### # ## # #|.....`| |[.[.| #-------# # # # # #|(.....| |)[[.| ## # ### # ### # #--.----- |[)[%-# # # # # # # # ### |.[..|# # # ### ### # ### # # ------# # # # # # # # ### # # # ### ### #### # # # # # --------- # --.----- ## # ### # # #######.........## |.......#####-----# # # #### # # # |.......| |......| # |>..|# ---|--- # ---.-# ### ##........| |...<... ##....|######......| ### |...|# # |........###x@d##.......| |...-# |.....| # |...|### ----.---- -------- |...|# |.....| ##.....# # # # |...|# ------- ----- -----# K2 the Sightseer Experience level: 3 Strength: 9 Dexterity: 10 Constitution: 16 Intelligence: 13 Wisdom: 10 Charisma: 16 Health: 0(30) Energy: 12(12) Def: 7 Gold: 778 Moves: 1331 Dungeon seed: 0eHu7Umn2Eg8xW18 Game ID: K2_1475972496 Your Inventory: Coins $ - 778 gold pieces Weapons a - 25 uncursed +2 darts (in quiver) o - a cursed +0 dagger (weapon in hand) t - an uncursed +0 elven dagger w - 10 uncursed +0 darts Armor n - an uncursed +0 Hawaiian shirt (being worn) q - an uncursed +0 oilskin cloak (being worn) r - an uncursed +0 elven mithril-coat (being worn) y - a cursed -1 pair of levitation boots (being worn) z - an uncursed +0 elven leather helm (being worn) Comestibles b - an uncursed egg c - 9 uncursed food rations d - 4 uncursed fortune cookies j - an uncursed apple s - an uncursed sprig of wolfsbane u - an uncursed egg Scrolls f - 2 uncursed scrolls of magic mapping l - an uncursed scroll of gold detection Rings i - an uncursed +1 ring of increase damage Wands p - an uncursed wand of slow monster (0:6) Tools g - an uncursed expensive camera (0:97) k - an uncursed credit card Gems e - an uncursed worthless piece of violet glass Spells and supernatural/magical abilities: Name Level Category Fail Memory W - pray for help -- divine ? -- Your skills at the end: Fighting Skills wands [Basic] Weapon Skills dart [Basic] Spellcasting Skills Final Attributes: You were devoutly aligned. You were levitating. You are dead. Vanquished creatures: an acid blob a coyote 2 hobbits a large kobold 3 geckos 2 foxes a kobold 2 goblins 6 grid bugs 2 lichens 2 newts 23 creatures vanquished. Voluntary challenges: You were an atheist. You used a wielded weapon 12 times, starting on turn 1298. You read items or engraved 3 times, starting on turn 16. You never genocided any monsters. You never polymorphed an object. You never changed form. You used no wishes. You never split a pudding. You never wrote Elbereth's name. You never violated your personal moral code. You abstained from Elbereth's help. Dungeon overview: The Dungeons of Doom: levels 1 to 2 Level 1 a long staircase Level 2 <- You were here an armor shop History has recorded: On T:1 you entered the Dungeons of Doom to retrieve the Amulet of Yendor! On T:220 you advanced to experience level 2. On T:297 you reached level 2 of The Dungeons of Doom. On T:658 you advanced to experience level 3. Score breakdown: Gold: 133 ( 7235 points) Experience: 3 levels ( 7878 points) Exploration: 2 levels ( 4.17%) ( 4375 points) Discoveries: 6 items ( 1.99%) ( 4235 points) Valuables value: (no points given unless you survive) Artifact value: 0 ( 0 points) Variety of kills: 11 monsters ( 2.87%) ( 5084 points) Turncount: 1331 turns ( 0 points) Survival: died (score multiplied by 80%) Total score: 23045 Latest messages: The coyote bites! You miss the coyote. The coyote bites! You hit the coyote. The coyote bites! You hit the coyote. The coyote bites! You hit the coyote. The coyote misses. You miss the coyote. The coyote misses. You kill the coyote! You miss the coyote. The grid bug misses. The coyote bites! You miss the coyote. The grid bug just misses! The coyote bites! You hit the coyote. The grid bug bites! The coyote bites! You miss the coyote. The grid bug bites! The coyote bites! You die... Final status: Aloha K2 the Tourist, killed by a coyote... You died in The Dungeons of Doom on dungeon level 2 with 23045 points, and 778 pieces of gold, after 1331 moves. You were level 3 with a maximum of 30 hit points when you died.